 Dungeon Crawl Stone Soup version 0.30-a0-715-gdb4ae3ece1 (webtiles) character file.

Game seed: 741484214415383763

2405 Crownlay the Reanimator (level 9, 0/57 HPs)
             Began as a Demonspawn Necromancer on Jan 24, 2023.
             Slain by a vampire mosquito (8 damage)
             ... on level 7 of the Dungeon on Jan 25, 2023.
             The game lasted 00:18:22 (7364 turns).

Crownlay the Reanimator (Demonspawn Necromancer)    Turns: 7364, Time: 00:18:23

Health: 0/57       AC: 17    Str:  9    XL:     9   Next: 23%
Magic:  5/16       EV: 12    Int: 21    God:
Gold:   193        SH:  6    Dex: 13    Spells: 11/18 levels left

rFire   . . .      SeeInvis .    E - +1 flail (protect)
rCold   . . .      Faith    .    (no shield)
rNeg    . . .      Spirit   .    a - +0 robe
rPois   .          Reflect  .    D - +2 helmet
rElec   .          Harm     .    C - scarf {+Inv}
rCorr   .          Rampage  .    (no gloves)
Will    .....                    (boots unavailable)
Stlth   ++                       (no amulet)
HPRegen 0.29/turn                i - +4 ring of protection
MPRegen 0.15/turn                u - ring of the Tortoise {AC+8}

@: about to teleport, animating dead
A: hooves 3, large bone plates 2, foul stench 1, demonic magic 1
a: Evoke Invisibility


You were on level 7 of the Dungeon.
You visited 1 branch of the dungeon, and saw 7 of its levels.

You collected 325 gold pieces.
You spent 132 gold pieces at shops.

Inventory:

Hand Weapons
 m - a +0 mace
 E - a +1 flail of protection (weapon)
Missiles
 r - 3 throwing nets
Armour
 a - a +0 robe (worn)
 C - a scarf of invisibility (worn)
 D - a +2 helmet (worn)
Jewellery
 i - a +4 ring of protection (left hand)
 u - the ring of the Tortoise (right hand) {AC+8}
   (You found it on level 3 of the Dungeon)

   [ring of protection]

   AC:        It affects your AC (+8).
 F - a ring of protection from cold
Wands
 w - a wand of flame (9)
 y - a wand of light (13)
 I - a wand of iceblast (3)
 L - a wand of polymorph (9)
Scrolls
 d - 6 scrolls of teleportation
 e - a scroll of poison
 f - a scroll of fear
 j - 3 scrolls of blinking
 k - 2 scrolls of immolation
 p - 5 scrolls of magic mapping
 s - a scroll of acquirement {unknown}
 t - a scroll of vulnerability {unknown}
 x - 2 scrolls of summoning {unknown}
 z - 2 scrolls of amnesia {unknown}
 A - a scroll of torment
 B - a scroll of brand weapon {unknown}
Potions
 b - 2 potions of magic
 c - a potion of haste {unknown}
 g - 2 potions of brilliance {unknown}
 h - 2 potions of curing
 l - 2 potions of degeneration {unknown}
 n - a potion of flight {unknown}
 o - 2 potions of lignification
 q - 5 potions of heal wounds
 v - a potion of attraction {unknown}
 G - 2 potions of might {unknown}
 H - a potion of berserk rage {unknown}
 J - a potion of cancellation {unknown}
 K - a potion of experience {unknown}


   Skills:
 - Level 1.7 Dodging
 - Level 1.7 Stealth
 - Level 5.0 Spellcasting
 - Level 2.0 Hexes
 - Level 10.0 Necromancy
 - Level 2.0 Translocations
 * Level 6.4 Fire Magic


You had 11 spell levels left.
You knew the following spells:

 Your Spells              Type           Power      Damage    Failure   Level
a - Necrotise             Necr           100%       1d9       1%          1
b - Animate Dead          Necr           47%        N/A       1%          4
c - Scorch                Fire           64%        2d8       1%          2

Your spell library contained the following spells:

 Spells                   Type           Power      Damage    Failure   Level
 Vampiric Draining        Necr           47%        2d9       1%          3
 Foxfire                  Conj/Fire      72%        2x1d7     3%          1
 Agony                    Necr           47%        N/A       4%          5
 Blink                    Tloc           26%        N/A       7%          2
 Manifold Assault         Tloc           13%        N/A       43%         4
 Storm Form               Tmut/Air       2%         N/A       100%        7
 Ignition                 Fire           16%        3d6       100%        8
 Fire Storm               Conj/Fire      9%         8d2       100%        9


Dungeon Overview and Level Annotations

Branches:
Dungeon (7/15)             Temple (0/1) D:5

Altars:
Okawaru
Qazlal
Yredelemnul

Shops:
D:3 !


Innate Abilities, Weirdness & Mutations

You have hooves in place of feet.
You are mostly covered in large bone plates. (SH +6)
You may rarely emit foul miasma when damaged in melee.
Spells you cast may paralyse adjacent enemies.


Message History

Something bites your black bear zombie. x2
Your black bear zombie is destroyed!
You are too injured to fight recklessly!
You are too injured to fight recklessly!
You are too injured to fight recklessly!
Casting: Necrotise (safe; 1% risk of failure)
Confirm with . or Enter, or press ? or * to list all spells.
You call upon the dead to rise.
Malevolent energies surge around you. The vampire mosquito misses you.
Something hits you but does no damage.
Deactivating autopickup; reactivate with Ctrl-A.
Casting: Animate Dead (dangerous; 1% risk of failure)
Confirm with . or Enter, or press ? or * to list all spells.
You call upon the dead to rise.
Malevolent energies surge around you. The vampire mosquito bites you.
* * * LOW HITPOINT WARNING * * *
The vampire mosquito draws strength from your injuries!
The vampire mosquito closely misses you.
Casting: Animate Dead (dangerous; 1% risk of failure)
Confirm with . or Enter, or press ? or * to list all spells.
You call upon the dead to rise.
Malevolent energies surge around you.
The vampire mosquito barely misses you. x2
The vampire mosquito bites you but does no damage.
Something hits you but does no damage.
The vampire mosquito closely misses you.
You miss something. Something hits you but does no damage.
The vampire mosquito bites you but does no damage.
The vampire mosquito bites you.
* * * LOW HITPOINT WARNING * * *
The vampire mosquito draws strength from your injuries!
Something hits you but does no damage.
The vampire mosquito attacks as you move away!
The vampire mosquito barely misses you.
Something hits you but does no damage. x2
Something hits you.
* * * LOW HITPOINT WARNING * * *
You emit a cloud of foul miasma!
Something hits you but does no damage.
As you read the scroll of teleportation, it crumbles to dust.
You feel strangely unstable. The vampire mosquito barely misses you.
The vampire mosquito bites you!
You die...

#.#...##.##.....#.######.#
#.#
#.#.#.#..#)#.#..#+######.#
#..
##.#.#....)#..#...........#
###
....#.#..[##..#...........#
##
###..#.#))#..#.#..........###
#.
#)..#.#.###..#............#
#.
####.#.#####...........##.#
#. #.#.#.###.#..........#.#
## ##[##..#.##@.........#.# #
#.#....hD☼y..........#.# #
#.#.#.#######..#########.# #
#....#P{...#..# #.# #
#....##{#.###.#.## #.# #
#.### #y'.#$+ #.####### #.# #
#.#.###.#.......# ##+#####
#..#P...P#.####.## #.[.....
#.#.#######.# #.# #.......


You could see an acid dragon, a vampire mosquito and a hound.

Vanquished Creatures
  Grinder (D:5)
  Eustachio (D:6)
  A water moccasin (D:5)
  An orc warrior (D:6)
  2 black bears (D:7)
  3 ice beasts
  2 sky beasts
  An ogre (D:6)
  A phantom (D:6)
  A kobold brigand (D:6)
  A bullfrog (D:5)
  2 jellies
  5 orc priests
  Natasha (thrice) (D:2)
  3 iguanas
  2 orc wizards (D:6)
  6 adders
  7 gnolls
  2 worms
  2 dart slugs (D:2)
  25 orcs
  3 ball pythons
  3 endoplasms
  3 giant cockroaches
  9 goblins
  8 hobgoblins
  6 jackals
  7 kobolds
  A quokka (D:1)
  4 bats
  2 frilled lizards
118 creatures vanquished.

Vanquished Creatures (collateral kills)
  A water moccasin (D:6)
  2 bullfrogs (D:7)
  A hound (D:5)
  6 orcs
  2 endoplasms
12 creatures vanquished.

Vanquished Creatures (others)
  A black bear zombie (D:7)
  An ice beast zombie (D:6)
  2 adder zombies
  7 orc zombies
  2 plants (D:7)
13 creatures vanquished.

Grand Total: 143 creatures vanquished

Notes
Turn   | Place    | Note
-------+----------+-------------------------------------------
     0 | D:1      | Crownlay the Demonspawn Necromancer began the quest for the
                  | Orb.
     0 | D:1      | Reached XP level 1. HP: 13/13 MP: 3/3
   330 | D:1      | Gained mutation: You have large cloven feet. [demonic
                  | ancestry]
   330 | D:1      | Reached XP level 2. HP: 19/19 MP: 3/5
   407 | D:1      | Reached skill level 5 in Necromancy
  1165 | D:2      | Noticed Natasha
  1172 | D:2      | Killed Natasha
  1173 | D:2      | Reached XP level 3. HP: 17/24 MP: 0/6
  1241 | D:2      | Noticed Natasha
  1302 | D:2      | Killed Natasha
  1303 | D:2      | Reached skill level 6 in Necromancy
  1303 | D:2      | Gained mutation: You are partially covered in large bone
                  | plates. (SH +4) [demonic ancestry]
  1303 | D:2      | Reached XP level 4. HP: 26/30 MP: 0/7
  1338 | D:2      | Noticed Natasha
  1343 | D:2      | Killed Natasha
  1591 | D:2      | Learned a level 4 spell: Animate Dead
  1685 | D:2      | Found a stormy altar of Qazlal.
  2107 | D:3      | Gained mutation: You have hoof-like feet. [demonic
                  | ancestry]
  2107 | D:3      | Reached XP level 5. HP: 35/35 MP: 2/8
  2228 | D:3      | Reached skill level 1 in Hexes
  2430 | D:3      | Reached skill level 1 in Translocations
  2482 | D:3      | Found the ring of the Tortoise {AC+8}
  2589 | D:3      | Found Zuthreum's Distillery.
  2594 | D:3      | Bought a potion of curing for 36 gold pieces
  2594 | D:3      | Bought a potion of heal wounds for 60 gold pieces
  2594 | D:3      | Bought a potion of lignification for 36 gold pieces
  2697 | D:4      | Reached skill level 7 in Necromancy
  2784 | D:4      | Found a basalt altar of Yredelemnul.
  3618 | D:5      | Entered Level 5 of the Dungeon
  3650 | D:5      | Noticed Grinder
  3707 | D:5      | Killed Grinder
  3708 | D:5      | Reached skill level 8 in Necromancy
  3708 | D:5      | Gained mutation: You may rarely emit foul miasma when
                  | damaged in melee. [demonic ancestry]
  3708 | D:5      | Reached XP level 6. HP: 26/41 MP: 9/9
  3994 | D:5      | Gained mutation: You have hooves in place of feet. [demonic
                  | ancestry]
  3994 | D:5      | Reached XP level 7. HP: 28/46 MP: 1/10
  4311 | D:5      | Reached skill level 9 in Necromancy
  4419 | D:5      | Found an iron altar of Okawaru.
  4660 | D:5      | Found a staircase to the Ecumenical Temple.
  4781 | D:5      | Reached skill level 10 in Necromancy
  4979 | D:5      | Noticed a rust devil
  4979 | D:5      | Noticed a rust devil
  5060 | D:6      | Gained mutation: You are mostly covered in large bone
                  | plates. (SH +6) [demonic ancestry]
  5060 | D:6      | Reached XP level 8. HP: 52/52 MP: 4/13
  5258 | D:6      | Noticed Eustachio
  5300 | D:6      | Killed Eustachio
  5309 | D:6      | Got the Commentary on Combustion
  5516 | D:6      | Reached skill level 5 in Spellcasting
  5516 | D:6      | Reached skill level 1 in Fire Magic
  6519 | D:7      | Reached skill level 5 in Fire Magic
  6519 | D:7      | Gained mutation: Spells you cast may paralyse adjacent
                  | enemies. [demonic ancestry]
  6519 | D:7      | Reached XP level 9. HP: 46/57 MP: 7/16
  6933 | D:7      | Learned a level 2 spell: Scorch
  7364 | D:7      | Slain by a vampire mosquito

Illustrated notes

Levels and vault maps discovered:
D:1:      reono_arrival_mine, layout_basic
D:2:      layout_rooms, basic_altar, uniq_natasha
D:3:      layout_basic, serial_shops, shop, kennysheep_generic_room_8
D:4:      layout_layer_cave, mainiacjoe_overflow_small_starburst,
          eino_tiny_chamber
D:5:      cheibrodos_iron_armory, layout_basic, okawaru_metal_pillars_3,
          minmay_temple_entry_trees, uniq_grinder
D:6:      layout_gridville, uniq_eustachio
D:7:      layout_basic, dancing_weapons_uskayaw, minmay_shattered_shrine

Skill      XL: |  1  2  3  4  5  6  7  8  9 |
---------------+----------------------------+-----
Necromancy     | 5 6 8 10 | 10.0
Hexes          | 2 |  2.0
Translocations | 2 |  2.0
Spellcasting   | 3 5 |  5.0
Fire Magic     | 5 6 |  6.4
Dodging        | |  1.7
Stealth        | |  1.7

Action                     |  1- 3 |  4- 6 |  7- 9 || total
---------------------------+-------+-------+-------++-------
  Melee: Dagger            |    15 |     1 |       ||    16
         Punch             |     1 |     1 |       ||     2
         Kick              |     1 |     8 |    23 ||    32
         Mace              |       |    30 |     4 ||    34
         Unarmed           |       |    18 |       ||    18
         Flail             |       |       |    84 ||    84
   Cast: Necrotise         |    37 |   100 |   184 ||   321
         Animate Dead      |       |     4 |     7 ||    11
  Evoke: Wand              |       |     4 |       ||     4
    Use: Scroll            |       |     7 |     2 ||     9
   Stab: Invisible         |       |     1 |       ||     1
 Armour: Robe              |     3 |    22 |   124 ||   149
  Dodge: Dodged            |    15 |    40 |   160 ||   215
  Block: Other             |       |     9 |    49 ||    58

Table legend: (Time is in decaauts)
 A = Elapsed time spent in this place.
 B = Non-inter-level travel time spent in this place.
 C = Inter-level travel time spent in this place.
 D = Time resting spent in this place.
 E = Time spent auto-exploring this place.
 F = Levels seen in this place.
 G = Mean time per level.
                   A        B        C        D        E       F      G
               +--------+--------+--------+--------+--------+-----+--------+
         Total |   7412 |   7309 |    103 |     22 |   6048 |   7 | 1058.9 |
       Dungeon |   7412 |   7309 |    103 |     22 |   6048 |   7 | 1058.9 |
               +--------+--------+--------+--------+--------+-----+--------+

Top non-repeatable levels by time:
     D:6: 1550 daAuts
     D:1: 1214 daAuts
     D:5: 1209 daAuts
     D:4: 1072 daAuts
     D:7: 884 daAuts
     D:3: 856 daAuts
     D:2: 625 daAuts
